 Dungeon Crawl Stone Soup version 0.21-a0-450-gd87a9b27c2 (webtiles) character file.

47 Pippin the Shooter (level 3, 0/20 HPs)
             Began as a Deep Elf Hunter on Nov 20, 2017.
             Slain by an adder (4 damage)
             ... on level 2 of the Dungeon.
             The game lasted 00:05:56 (1982 turns).

Pippin the Shooter (Deep Elf Hunter)                Turns: 1982, Time: 00:05:57

Health: 0/20       AC:  3    Str: 10    XL:     3   Next: 48%
Magic:  5/5        EV: 12    Int: 15    God:
Gold:   57         SH:  0    Dex: 15    Spells: 2/2 levels left

rFire    . . .     SeeInvis .   i - +3 hunting sling
rCold    . . .     Gourm    .   (no shield)
rNeg     . . .     Faith    .   c - +0 leather armour
rPois    .         Spirit   .   (no helmet)
rElec    .         Reflect  .   (no cloak)
rCorr    .         Harm     .   (no gloves)
MR       .....                  (no boots)
Stlth    ++........             (no amulet)
HPRegen  0.06/turn              (no ring)
MPRegen  0.09/turn              (no ring)

@: lethally poisoned (0 -> -12)
A: no striking features
a: no special abilities


You were on level 2 of the Dungeon.
You were very hungry.

You visited 1 branch of the dungeon, and saw 2 of its levels.

You collected 57 gold pieces.

Inventory:

Hand Weapons
 a - a +1 shortbow
 b - a +0 short sword
 i - a +3 hunting sling (weapon)
Missiles
 d - 40 arrows
 j - 6 stones (quivered)
Armour
 c - a +0 leather armour (worn)
Scrolls
 e - 5 scrolls of identify
 g - 2 scrolls of random uselessness {unknown}
 h - a scroll of fog {unknown}
 m - 2 scrolls of enchant armour
 n - a scroll of remove curse {unknown}
 o - a scroll of teleportation {unknown}
 p - a scroll of immolation {unknown}
Potions
 k - a potion of brilliance {unknown}
 l - a potion of agility {unknown}
Comestibles
 f - a bread ration


   Skills:
 - Level 1.5 Fighting
 + Level 4.9 Bows
 - Level 2.4 Dodging
 * Level 3.8 Stealth


You had 2 spell levels left.
You didn't know any spells.

Dungeon Overview and Level Annotations

Branches:
Dungeon (2/15)

Altars:
Gozag
Makhleb
Vehumet


Message History

Firing (i - inventory):
j - 9 stones (quivered)
Press: ? - help, Shift-Dir - straight line, f/p - adder
Aim: an adder (heavily wounded)
You shoot a stone. The stone barely misses the adder.
* * * LOW HITPOINT WARNING * * *
You feel sick. The adder bites you but does no damage.
The adder closely misses you.
Firing (i - inventory):
j - 8 stones (quivered)
Press: ? - help, Shift-Dir - straight line, f/p - adder
Aim: an adder (heavily wounded)
You shoot a stone. The stone barely misses the adder.
* * * LOW HITPOINT WARNING * * *
You feel sick. The adder barely misses you.
Firing (i - inventory):
j - 7 stones (quivered)
Press: ? - help, Shift-Dir - straight line, f/p - adder
Aim: an adder (heavily wounded)
You shoot a stone. The stone barely misses the adder.
* * * LOW HITPOINT WARNING * * *
You feel sick. The adder bites you.
You die...

##.......########.#######..##....
##.......# #.# #..##....
##......## #.# #..###### ########
#.# #..# ########.# #..#
.........# ##.# .........# ####
........)# .... .......@.# ####
######S#.# #. #(#.# #. #.#.# ....
#. #.#.# ..... #. #.#.# ..... #.
..#.# ...### .. .# ... #.##


You could see an adder.

Vanquished Creatures
  A dart slug (D:2)
  9 bats
  3 giant cockroaches (D:1)
  7 goblins
  4 hobgoblins
  6 jackals (D:2)
  A quokka (D:2)
  4 frilled lizards (D:1)
  2 kobolds
  2 rats (D:1)
39 creatures vanquished.

Notes
Turn   | Place    | Note
-------+----------+-------------------------------------------
     0 | D:1      | Pippin the Deep Elf Hunter began the quest for the Orb.
     0 | D:1      | Reached XP level 1. HP: 12/12 MP: 3/3
   463 | D:1      | Reached XP level 2. HP: 12/16 MP: 4/4
  1105 | D:2      | Reached XP level 3. HP: 15/20 MP: 5/5
  1554 | D:2      | Found a burning altar of Makhleb.
  1555 | D:2      | Found a radiant altar of Vehumet.
  1556 | D:2      | Found an opulent altar of Gozag.
  1982 | D:2      | Slain by an adder

Vault maps used:
D:1:      ncdulo_smallfort
D:2:      gammafunk_temple_overflow_forgotten

Skill      XL: |  1  2 |
---------------+-------+-----
Stealth        | 2 3 |  3.8
Fighting       | |  1.5
Bows           | |  4.9
Dodging        | |  2.4

Action                   || total
-------------------------++-------
Melee: Short sword       ||   136
 Fire: Hunting sling     ||    17
  Use: Scroll            ||     1
 Stab: Sleeping          ||     6
  Eat: Chunk             ||     2
Armor: Leather armour    ||    42
Dodge: Dodged            ||    88

Table legend:
 A = Spawn XP
 B = Non-spawn XP
 C = Spawn XP percentage of total XP
 D = Spawn monster count
 E = Non-spawn monster count
 F = Spawn count percentage of total count
 G = Total turns spent on level
                    A         B        C        D         E        F      G
               +---------+---------+-------+---------+---------+-------+---------
         Total |       0 |      68 |   0.0 |       0 |      39 |   0.0 |  1982
               +---------+---------+-------+---------+---------+-------+---------
           D:1 |       0 |      34 |   0.0 |       0 |      21 |   0.0 |  1176
           D:2 |       0 |      34 |   0.0 |       0 |      18 |   0.0 |   806
               +---------+---------+-------+---------+---------+-------+---------
